[Event "ICC Open 2015"]
[Site "Internet Chess Club"]
[Date "2015.05.30"]
[Round "2"]
[White "DropZone"]
[Black "ibarra"]
[Result "0-1"]
[ICCResult "White checkmated"]
[WhiteElo "2101"]
[BlackElo "2735"]
[Opening "King's Indian: London system"]
[ECO "A48"]
[NIC "QP.06"]
[Time "14:15:46"]
[TimeControl "180+0"]

1. d4 Nf6 2. Nf3 g6 3. Bf4 d6 4. e3 Bg7 5. h3 O-O 6. Be2 c5 7. c3 Be6 8.
Nbd2 Qb6 9. Bc4 Qxb2 10. Bxe6 fxe6 11. Rb1 Qxc3 12. Rxb7 Nd5 13. Bg3 cxd4
14. Rb3 Qa5 15. Nxd4 Bxd4 16. exd4 Nc6 17. O-O Nxd4 18. Nc4 Qc5 19. Rd3 e5
20. Ne3 Nxe3 21. Rxe3 Rac8 22. Qa4 Qc4 23. Qxa7 Rc7 24. Qa5 Rc5 25. Qa7 Nf5
26. Rf3 e4 27. Rb3 e3 28. Rb8 Qxf1+ 29. Kxf1 Nxg3+ 30. Kg1 exf2+ 31. Kh2
f1=Q 32. Rxf8+ Qxf8 33. Kxg3 Rc3+ 34. Kh2 Qf4+ 35. Kg1 Rc1# {White
checkmated} 0-1

[Event "ICC Open 2015"]
[Site "Internet Chess Club"]
[Date "2015.05.30"]
[Round "2"]
[White "yummy2"]
[Black "PADILLON2189"]
[Result "1-0"]
[ICCResult "Black forfeits on time"]
[WhiteElo "2669"]
[BlackElo "2043"]
[Opening "Sicilian: dragon, Yugoslav attack, 7...O-O"]
[ECO "B76"]
[NIC "SI.17"]
[Time "14:15:16"]
[TimeControl "180+0"]

1. e4 c5 2. Nf3 d6 3. d4 cxd4 4. Nxd4 Nf6 5. Nc3 g6 6. Be3 Bg7 7. f3 O-O 8.
Qd2 Nc6 9. g4 Nxd4 10. Bxd4 Be6 11. h4 Qa5 12. h5 Rfc8 13. a3 a6 14. O-O-O
Rc7 15. hxg6 fxg6 16. Kb1 Rac8 17. Bd3 b5 18. Ne2 Qxd2 19. Rxd2 Bc4 20.
Bxc4+ Rxc4 21. Bc3 h6 22. Nf4 Kf7 23. Bxf6 Kxf6 24. Nd5+ Kf7 25. Nb6 g5 26.
Nxc8 Rxc8 27. c3 Ke6 28. Rd5 Rf8 29. Rh3 Kd7 30. a4 e6 31. Rd3 bxa4 32. Ka2
Kc6 33. Ka3 Rb8 34. Rh2 Be5 35. Rxh6 Rb3+ 36. Ka2 Kd7 37. Rh7+ Kc6 38. Re7
Kc5 39. Rxe6 Kc4 40. Rdxd6 Bxd6 41. Rxd6 a5 42. Rd4+ Kb5 43. Rd5+ Kc4 44.
Rxa5 Kd3 45. Rxa4 Rb5 46. Kb1 Ke3 47. Rd4 Kxf3 48. e5 Rxe5 49. b4
{Black forfeits on time}
1-0

[Event "ICC Open 2015"]
[Site "Internet Chess Club"]
[Date "2015.05.30"]
[Round "2"]
[White "Ira57"]
[Black "Knight83"]
[Result "1-0"]
[ICCResult "Black forfeits on time"]
[WhiteElo "1954"]
[BlackElo "1234"]
[Opening "Queen's pawn game"]
[ECO "D02"]
[NIC "QP.08"]
[Time "14:15:09"]
[TimeControl "180+0"]

1. d4 d5 2. Nf3 c6 3. e3 Nf6 4. b3 e6 5. Bb2 Be7 6. Nbd2 Nbd7 7. Bd3 O-O 8.
O-O Re8 9. Qe2 c5 10. c4 cxd4 11. exd4 dxc4 12. bxc4 Nb6 13. Rac1 Bd7 14.
Ne5 Rc8 15. Kh1 Bc6 16. f4 Qc7 17. Ndf3 Bd6 18. Nxc6 Bxf4 19. Nce5 Bxe5 20.
Nxe5 Na4 21. Ba1 Nb6 22. Rf3 Red8 23. Rh3 h6 24. Rg3 Nbd7 25. Nxd7 Qxd7 26.
Rf3 Qe7 27. Qf2 Ng4 28. Qg3 Qg5 29. Rcf1 Nf6 30. Qxg5 hxg5 31. d5 exd5 32.
Bxf6 gxf6 33. cxd5 Rxd5 34. Be4 Rb5 35. Rxf6 Rc7 36. h3 Rb2 37. R1f2 Rxf2
38. Rxf2 b6 39. Rc2 Re7 40. Bf3 Re1+ 41. Kh2 Re5 42. Rd2 Re7 43. Rd5 Kg7 44.
Rxg5+ Kh6 45. Rf5 f6 46. Rxf6+ Kg7 47. Rf4 Kg8 48. Rg4+ Rg7 49. Rxg7+ Kxg7
50. g4 Kg6 51. Kg3 Kg5 52. h4+ Kg6 53. Kf4 {Black forfeits on time} 1-0

[Event "ICC Open 2015"]
[Site "Internet Chess Club"]
[Date "2015.05.30"]
[Round "2"]
[White "NICO"]
[Black "Psycho-Cowboy"]
[Result "1-0"]
[ICCResult "Black checkmated"]
[WhiteElo "2268"]
[BlackElo "2427"]
[Opening "Sicilian, Chekhover variation"]
[ECO "B53"]
[NIC "SI.02"]
[Time "14:15:06"]
[TimeControl "180+0"]

1. e4 c5 2. Nf3 d6 3. d4 cxd4 4. Qxd4 a6 5. h3 Nc6 6. Qe3 g6 7. c4 Bg7 8.
Nc3 Nf6 9. Be2 O-O 10. O-O Rb8 11. Rb1 Be6 12. b3 Qa5 13. Bb2 b5 14. cxb5
axb5 15. Bxb5 Rxb5 16. Nxb5 Qxb5 17. Rfc1 Nb4 18. Nd4 Qb7 19. Nxe6 fxe6 20.
a3 Nc6 21. f3 Rb8 22. b4 e5 23. Qd3 Kh8 24. Qc4 Nd8 25. Qc7 Ne6 26. Qxb7
Rxb7 27. Rc8+ Bf8 28. Rbc1 Kg7 29. Bc3 Nf4 30. Kf1 N6h5 31. Bd2 Ra7 32. R1c3
Kf7 33. Bxf4 Nxf4 34. Kf2 Ne6 35. Ke3 Bh6+ 36. Kf2 Bg5 37. g3 h5 38. Rh8 Kg7
39. Rhc8 h4 40. gxh4 Bxh4+ 41. Ke2 Kf7 42. Kd3 Nf4+ 43. Kc4 Bf6 44. b5 Ra4+
45. Kb3 Ra7 46. b6 Rb7 47. R8c6 Ne6 48. a4 Nd4+ 49. Kb4 Nxc6+ 50. Rxc6 Ke6
51. a5 Kd7 52. Kb5 d5 53. exd5 e4 54. a6 Rb8 55. fxe4 Be5 56. a7 Rb7 57.
Rxg6 Bd4 58. Ka6 Rxb6+ 59. Rxb6 Bxb6 60. Kxb6 Kd6 61. a8=Q Ke5 62. Qc6 Kxe4
63. Qe6+ Kd4 64. Qxe7 Kc4 65. d6 Kd4 66. d7 Kc4 67. d8=Q Kb3 68. Qe3+ Kc4
69. Qdd4# {Black checkmated} 1-0

[Event "ICC Open 2015"]
[Site "Internet Chess Club"]
[Date "2015.05.30"]
[Round "2"]
[White "motipen"]
[Black "sceptic"]
[Result "1-0"]
[ICCResult "Black resigns"]
[WhiteElo "1935"]
[BlackElo "1575"]
[Opening "QGD: Albin counter-gambit, 5.g3"]
[ECO "D09"]
[NIC "QG.02"]
[Time "14:16:44"]
[TimeControl "180+0"]

1. d4 d5 2. c4 e5 3. dxe5 d4 4. Nf3 Nc6 5. g3 Nge7 6. Bg2 Ng6 7. O-O Ngxe5
8. Nxe5 Nxe5 9. Nd2 c6 10. f4 Ng4 11. Nf3 Bc5 12. h3 Nf6 13. Kh2 O-O 14. Ne5
Qe7 15. a3 a5 16. Nd3 Ba7 17. b4 axb4 18. axb4 b5 19. Bxc6 Rb8 20. cxb5 Qe6
21. f5 Qd6 22. Rxa7 Bxf5 23. Bf4 Qd8 24. Bxb8 Qxb8 25. Ra8 Qd6 26. Rxf8+
Kxf8 27. Rxf5 {Black resigns} 1-0

[Event "ICC Open 2015"]
[Site "Internet Chess Club"]
[Date "2015.05.30"]
[Round "2"]
[White "jasrom"]
[Black "fearlessone"]
[Result "1-0"]
[ICCResult "Black checkmated"]
[WhiteElo "2533"]
[BlackElo "1672"]
[Opening "King's pawn opening"]
[ECO "B07"]
[NIC "VO.17"]
[Time "14:15:17"]
[TimeControl "180+0"]

1. e4 d6 2. d4 Nd7 3. Nc3 g6 4. Bd3 Bg7 5. Nf3 e6 6. O-O Ne7 7. Bg5 O-O 8.
Qd2 b6 9. Rfe1 Bb7 10. Bh6 Nc6 11. Bxg7 Kxg7 12. Qf4 Qf6 13. Qe3 Qe7 14. e5
Rad8 15. Qf4 Nb4 16. Be4 Bxe4 17. Qxe4 d5 18. Qe2 c5 19. Nb5 Nb8 20. c3 N4c6
21. Nd6 Rxd6 22. exd6 Qxd6 23. Rad1 c4 24. Ne5 Re8 25. h4 h5 26. Qf3 Re7 27.
Qf4 Nxe5 28. dxe5 Qc7 29. Qf6+ Kg8 30. g4 Nd7 31. Qf4 hxg4 32. h5 gxh5 33.
Qg5+ Kf8 34. Qxh5 Ke8 35. Qxg4 Nxe5 36. Qg3 Ng6 37. Qxc7 Rxc7 38. Rxd5 Kf8
39. Rd8+ Ke7 40. Rd4 Rc5 41. Kg2 Rg5+ 42. Kf1 Ne5 43. Re3 Rf5 44. b3 cxb3
45. axb3 Kf6 46. Ke2 Ng6 47. Rf3 Nf4+ 48. Rfxf4 Rxf4 49. Rxf4+ Ke5 50. Rxf7
Kd6 51. Rb7 b5 52. Rxb5 a6 53. Rb6+ Ke5 54. Rxa6 Kd5 55. Kd3 Ke5 56. f3 Kf6
57. Ke4 Ke7 58. f4 Kd7 59. Ke5 Kc7 60. Rxe6 Kd7 61. f5 Kc7 62. f6 Kd7 63. f7
Kc7 64. f8=Q Kb7 65. Qf7+ Ka8 66. Re8# {Black checkmated} 1-0

[Event "ICC Open 2015"]
[Site "Internet Chess Club"]
[Date "2015.05.30"]
[Round "2"]
[White "la8pv"]
[Black "LordKinbote"]
[Result "1-0"]
[ICCResult "Black forfeits on time"]
[WhiteElo "1830"]
[BlackElo "1396"]
[Opening "Vienna game"]
[ECO "C28"]
[NIC "VG.04"]
[Time "14:15:01"]
[TimeControl "180+0"]

1. e4 e5 2. Nc3 Nc6 3. Bc4 Nf6 4. Nge2 Bc5 5. O-O O-O 6. d3 d6 7. Bg5 h6 8.
Bh4 g5 9. Bg3 Be6 10. Bb3 Kg7 11. Qd2 Nh5 12. Kh1 Nf4 13. Bxf4 gxf4 14. Na4
Kh7 15. Nxc5 dxc5 16. f3 Rg8 17. g3 Nd4 18. Nxd4 cxd4 19. gxf4 Bxb3 20. axb3
f6 21. Rg1 Qe7 22. f5 a6 23. Rg2 Rg7 24. Rag1 Rag8 25. Rg3 Rxg3 26. Rxg3
Rxg3 27. hxg3 Qg7 28. Kg2 Qg5 29. Qxg5 hxg5 30. Kf2 c5 31. Kg2 b6 32. Kh3 a5
33. Kg4 Kh6 34. Kh3 Kh5 35. Kg2 b5 36. Kf2 a4 37. bxa4 bxa4 38. Ke2 g4 39.
Kf2 gxf3 40. Kxf3 Kg5 41. g4 Kh4 42. Ke2 Kxg4 43. Kd2 Kf3 44. Kc1 Ke2 45.
Kb1 Kd1 46. b3 axb3 47. cxb3 Kd2 48. Kb2 Kxd3 49. Ka3 Kc3 50. Ka4 d3 51. b4
d2 52. b5 d1=Q+ 53. Ka5 Qb3 54. Kb6 Kc4 55. Kc7 Qxb5 56. Kd6 Qb6+ 57. Ke7
Qc7+ 58. Kxf6 Kd4 59. Kg6 Qd6+ 60. f6 Qd7 61. f7 Qe6+ 62. Kg7 Qe7 63. Kg8
Qe6 64. Kg7 Qe7 65. Kg6 Qe6+ 66. Kg5 Kc4 67. f8=Q Qf7 68. Qxf7+ Kb4 69. Qc4+
{Black forfeits on time}
1-0

[Event "ICC Open 2015"]
[Site "Internet Chess Club"]
[Date "2015.05.30"]
[Round "2"]
[White "Lilinstein"]
[Black "saira"]
[Result "1-0"]
[ICCResult "Black checkmated"]
[WhiteElo "2583"]
[BlackElo "1721"]
[Opening "French: Albin-Alekhine-Châtard attack"]
[ECO "C13"]
[NIC "FR.06"]
[Time "14:16:23"]
[TimeControl "180+0"]

1. d4 d5 2. Nc3 Nf6 3. Bg5 e6 4. e4 Be7 5. e5 Nfd7 6. h4 h6 7. Bxe7 Qxe7 8.
Nb5 Qd8 9. Qg4 Kf8 10. Rh3 a6 11. Na3 f5 12. Qg6 Qe8 13. Qxe8+ Kxe8 14. Rg3
Rg8 15. c4 c6 16. Nh3 Nf8 17. Nf4 Nbd7 18. cxd5 cxd5 19. Rc1 g5 20. Be2 Kf7
21. Bh5+ Ke7 22. Nc2 Nb6 23. Nh3 g4 24. Nf4 Bd7 25. Rc3 Bc6 26. Nb4 Bd7 27.
Rc7 Rb8 28. b3 a5 29. Nbd3 Rc8 30. Rxb7 Rxc1+ 31. Nxc1 Nc8 32. Ncd3 Kd8 33.
Nc5 Bc6 34. Nfxe6+ Nxe6 35. Nxe6# {Black checkmated} 1-0

[Event "ICC Open 2015"]
[Site "Internet Chess Club"]
[Date "2015.05.30"]
[Round "2"]
[White "olimpus"]
[Black "ChessNakas"]
[Result "1-0"]
[ICCResult "Black forfeits on time"]
[WhiteElo "2741"]
[BlackElo "2099"]
[Opening "Benko's opening"]
[ECO "A00"]
[NIC "EO.24"]
[Time "14:15:52"]
[TimeControl "180+0"]

1. g3 e5 2. c4 d6 3. Nc3 f5 4. d4 Nf6 5. Bg2 Be7 6. e3 O-O 7. Nf3 e4 8. Nd2
c5 9. O-O Nc6 10. Nb3 cxd4 11. exd4 d5 12. cxd5 Nb4 13. Nc5 Nbxd5 14. Bg5
Nxc3 15. bxc3 Bxc5 16. Qb3+ Qd5 17. dxc5 Be6 18. Rfb1 Qxb3 19. axb3 Rfc8 20.
b4 b6 21. Be3 Nd7 22. Ra6 Bc4 23. Ra3 bxc5 24. Rd1 cxb4 25. cxb4 Ne5 26. Ra5
Be2 27. Rda1 Nf3+ 28. Kh1 Rab8 29. Bc5 {Black forfeits on time} 1-0

[Event "ICC Open 2015"]
[Site "Internet Chess Club"]
[Date "2015.05.30"]
[Round "2"]
[White "jergus"]
[Black "RLH2"]
[Result "0-1"]
[ICCResult "White resigns"]
[WhiteElo "2191"]
[BlackElo "2832"]
[Opening "Robatsch (modern) defense"]
[ECO "B06"]
[NIC "KF.05"]
[Time "14:16:14"]
[TimeControl "180+0"]

1. e4 g6 2. d4 Bg7 3. Nc3 d6 4. Be3 Nf6 5. Qd2 Ng4 6. Bg5 h6 7. Bh4 O-O 8.
Nf3 c6 9. a4 Nd7 10. Bd3 c5 11. Ne2 cxd4 12. Nexd4 Nge5 13. O-O Nxd3 14.
Qxd3 Ne5 15. Nxe5 dxe5 16. Nb3 Qxd3 17. cxd3 g5 18. Bg3 b6 19. Rac1 Be6 20.
Nd2 Rfd8 21. Nf3 Rxd3 22. Rc7 g4 23. Ne1 Rb3 24. Rxe7 Bc4 25. Bxe5 Bxe5 26.
Rxe5 Bxf1 27. Kxf1 Rxb2 28. Rf5 Rc8 29. e5 Rc1 30. e6 fxe6 31. Re5 Kf7 32.
Re4 h5 {White resigns} 0-1

[Event "ICC Open 2015"]
[Site "Internet Chess Club"]
[Date "2015.05.30"]
[Round "2"]
[White "safadi100"]
[Black "Aladdin"]
[Result "0-1"]
[ICCResult "White forfeits on time"]
[WhiteElo "1756"]
[BlackElo "2393"]
[Opening "Four knights: Scotch, 4...exd4"]
[ECO "C47"]
[NIC "SO.03"]
[Time "14:15:28"]
[TimeControl "180+0"]

1. e4 e5 2. Nf3 Nc6 3. Nc3 Nf6 4. d4 exd4 5. Nxd4 Bb4 6. Nxc6 bxc6 7. Bd3
O-O 8. O-O d5 9. exd5 cxd5 10. Bg5 c6 11. Na4 Rb8 12. c4 Be6 13. Rc1 Be7 14.
b3 Re8 15. Re1 d4 16. c5 Nd5 17. Bxe7 Qxe7 18. Bc4 Qf6 19. Re4 Nc3 20. Nxc3
Bxc4 21. Rxd4 Be6 22. Ne4 Qg6 23. Nd6 Rf8 24. Qf3 Bd5 25. Qg3 Qxg3 26. hxg3
f6 27. Re1 Rfd8 28. Re7 a5 29. f3 g6 30. Kf2 Rb4 31. Rxb4 axb4 32. Rb7 Ra8
33. Rxb4 Rxa2+ 34. Kg1 Rb2 35. Rb7 Rxb3 36. Rc7 Rb1+ 37. Kh2 Rc1 38. Ne8
Rxc5 39. Nxf6+ Kf8 40. Nxh7+ Ke8 41. Nf6+ Kd8 42. Rd7+ Kc8 43. Rg7 Be6 44.
Rxg6 Re5 45. Ne4 Bd5 46. Rd6 Kc7 47. Rf6 Bxe4 48. fxe4 c5
{White forfeits on time}
0-1

[Event "ICC Open 2015"]
[Site "Internet Chess Club"]
[Date "2015.05.30"]
[Round "2"]
[White "chessassassin"]
[Black "TacticsTime"]
[Result "1-0"]
[ICCResult "Black checkmated"]
[WhiteElo "1832"]
[BlackElo "1308"]
[Opening "Polish defense"]
[ECO "A40"]
[NIC "QO.17"]
[Time "14:16:04"]
[TimeControl "180+0"]

1. d4 b5 2. e4 a6 3. Nf3 Bb7 4. Bd3 Nf6 5. Nbd2 e6 6. g3 d6 7. O-O Nbd7 8.
Re1 Rg8 9. Bf1 g5 10. Bg2 g4 11. Nh4 Be7 12. d5 h5 13. dxe6 fxe6 14. e5 Nd5
15. exd6 cxd6 16. Rxe6 Nc5 17. Re1 Qd7 18. Nb3 O-O-O 19. Bxd5 Bxd5 20. Qxd5
Bxh4 21. Nxc5 dxc5 22. Qxd7+ Rxd7 23. gxh4 Rf8 24. Be3 Rf3 25. Bxc5 Rd2 26.
Rac1 Kb7 27. Be3 Rd5 28. Red1 Rdf5 29. c4 bxc4 30. Rxc4 Rh3 31. Rd7+ Kb8 32.
Re4 Rb5 33. Re8# {Black checkmated} 1-0

[Event "ICC Open 2015"]
[Site "Internet Chess Club"]
[Date "2015.05.30"]
[Round "2"]
[White "smoothg"]
[Black "Sergio007"]
[Result "0-1"]
[ICCResult "White forfeits on time"]
[WhiteElo "1828"]
[BlackElo "1818"]
[Opening "Owen defense"]
[ECO "B00"]
[NIC "VO.01"]
[Time "14:15:08"]
[TimeControl "180+0"]

1. e4 b6 2. d3 Bb7 3. Nd2 Nf6 4. c3 d5 5. Qc2 e5 6. Ngf3 Nbd7 7. a4 a5 8. g3
c5 9. Bg2 d4 10. c4 Bd6 11. O-O O-O 12. Re1 Ne8 13. Nh4 g6 14. Rf1 Be7 15.
Nhf3 Ng7 16. h4 f5 17. Re1 f4 18. Nf1 h6 19. N1h2 g5 20. hxg5 hxg5 21. Ng4
Qc7 22. Qe2 Nf6 23. Nxg5 Nxg4 24. Qxg4 Bc8 25. Qh4 Bxg5 26. Qxg5 f3 27. Bh1
Qd6 28. Qh6 Rf6 29. Qh4 Ra7 30. Bg5 Rff7 31. Kf1 Be6 32. Red1 Qd7 33. Ke1
Ra8 34. Kd2 Raf8 35. Kc2 Bg4 36. Bd2 Nh5 37. b3 Rg7 38. Re1 Rf6 39. Rg1 Rfg6
40. Rge1 Qf7 41. Qh2 Qe6 42. Qg1 Rf6 43. Qf1 Rgg6 44. Rec1 Kf7 45. Kb2 Ke7
46. Qe1 Qc6 47. Bxa5 bxa5 48. Qxa5 Bd7 49. Qd2 Rf8 50. a5 Ra8 51. Ra2 Ra6
52. Rca1 Rg8 53. Ra3 Rga8 54. Bxf3 Nf6 55. Qg5 Qc7 56. Qg6 Rxa5 57. Qg7+ Ke8
58. Qxf6 Rxa3 59. Rxa3 Rxa3 60. Kxa3 Qa5+ 61. Kb2 Qc3+ 62. Ka3 Qc1+ 63. Ka2
Qc2+ 64. Ka1 Qc1+ 65. Ka2 Qd2+ 66. Ka1 Qa5+ 67. Kb1 Qc3 68. Qxe5+ Kd8 69.
Qxc5 Qxb3+ 70. Kc1 Qc3+ 71. Kd1 Qxd3+ 72. Ke1 Qxf3 73. Kf1 Qxe4 74. Qb6+ Ke7
75. Qc5+ Ke6 76. g4 Bc6 77. g5 Qd3+ 78. Kg1 Qd1+ 79. Kh2 Qh5+
{White forfeits on time}
0-1

[Event "ICC Open 2015"]
[Site "Internet Chess Club"]
[Date "2015.05.30"]
[Round "2"]
[White "Colombiano07"]
[Black "chessersizing"]
[Result "0-1"]
[ICCResult "White resigns"]
[WhiteElo "1847"]
[BlackElo "1625"]
[Opening "Réti: King's Indian attack"]
[ECO "A05"]
[NIC "QP.11"]
[Time "14:16:25"]
[TimeControl "180+0"]

1. Nf3 Nf6 2. g3 g6 3. b3 Bg7 4. Bb2 d5 5. Bg2 O-O 6. O-O c6 7. c4 dxc4 8.
bxc4 Bf5 9. Qb3 Qd7 10. d4 Bh3 11. Bxh3 Qxh3 12. Qxb7 Nbd7 13. Qxc6 Rab8 14.
Bc3 Rfc8 15. Qa4 Ne4 16. Be1 Nb6 17. Qxa7 Nxc4 18. Nbd2 Ncxd2 19. Bxd2 Nxd2
20. Nxd2 Ra8 21. Qxe7 Bxd4 22. Rac1 Re8 23. Qd6 Rad8 24. Qc6 Rxe2 25. Nb3
Bg7 26. Qg2 Qe6 27. Rfd1 Re8 28. Nd4 Bxd4 29. Rxd4 Rxa2 30. h3 Qb6 31. Rd7
Ree2 32. Rf1 Qe6 33. Qd5 Qxd5 34. Rxd5 Kf8 35. Rd3 Ke7 36. Kg2 Ke6 37. Kf3
f5 38. Re3+ Rxe3+ 39. Kxe3 Ra3+ 40. Kf4 Kf6 41. h4 h6 {White resigns} 0-1

[Event "ICC Open 2015"]
[Site "Internet Chess Club"]
[Date "2015.05.30"]
[Round "2"]
[White "paulleon"]
[Black "Prof-chess"]
[Result "0-1"]
[ICCResult "White checkmated"]
[WhiteElo "2075"]
[BlackElo "2701"]
[Opening "King's Indian: Sämisch, 5...O-O"]
[ECO "E81"]
[NIC "KI.54"]
[Time "14:15:16"]
[TimeControl "180+0"]

1. d4 Nf6 2. c4 g6 3. Nc3 Bg7 4. e4 d6 5. f3 O-O 6. Be3 c5 7. dxc5 dxc5 8.
Qxd8 Rxd8 9. Bxc5 Nc6 10. Nd5 e6 11. Ne7+ Nxe7 12. Bxe7 Rd7 13. Ba3 b6 14.
Rd1 Ba6 15. Rxd7 Nxd7 16. b3 f5 17. Ne2 fxe4 18. fxe4 Bb7 19. Ng3 Bc3+ 20.
Kd1 Nf6 21. Bd3 Ng4 22. Kc2 Be5 23. Ne2 Rd8 24. Re1 Ne3+ 25. Kd2 Nxg2 26.
Rg1 Bxe4 27. Nc1 Bxh2 28. Rh1 Bf4+ 29. Ke2 Bxc1 30. Bxe4 Nf4+ 31. Kf3 Bxa3
32. Kxf4 Kg7 33. Ke3 Bc5+ 34. Ke2 Rf8 35. Bf3 h5 36. Rd1 Rf7 37. Rd8 a5 38.
a4 Rf5 39. Re8 Re5+ 40. Kd2 Kf6 41. Bc6 Bb4+ 42. Kd3 Bc5 43. Rg8 Re3+ 44.
Kd2 Rxb3 45. Be4 Rg3 46. Bd3 h4 47. Be2 h3 48. Rh8 Be3+ 49. Kd3 Bg1+ 50. Ke4
h2 51. Kf4 Re3 52. Bf3 e5+ 53. Kg3 e4 54. Kg4 Rxf3 55. c5 bxc5 56. Rxh2 Rf4+
57. Kh3 Bxh2 58. Kg2 Rf3 59. Kh1 Bf4 60. Kg2 Kg5 61. Kh1 Kg4 62. Kg2 Be3 63.
Kh1 Rf2 64. Kg1 Kg3 65. Kh1 Rf1# {White checkmated} 0-1

[Event "ICC Open 2015"]
[Site "Internet Chess Club"]
[Date "2015.05.30"]
[Round "2"]
[White "spanner63"]
[Black "kingmate"]
[Result "0-1"]
[ICCResult "White resigns"]
[WhiteElo "1707"]
[BlackElo "2586"]
[Opening "French: advance, Milner-Barry gambit"]
[ECO "C02"]
[NIC "FR.03"]
[Time "14:17:44"]
[TimeControl "180+0"]

1. e4 e6 2. d4 d5 3. e5 c5 4. c3 Nc6 5. Nf3 Qb6 6. Bd3 cxd4 7. cxd4 Bd7 8.
O-O Nxd4 9. Nxd4 Qxd4 10. Nc3 a6 11. Qe2 Qb6 12. Kh1 Bc5 13. f4 Ne7 14. f5
exf5 15. Bg5 d4 16. Bxe7 dxc3 17. Bxc5 Qxc5 18. Rac1 O-O 19. Rxc3 Qa5 20.
Bc4 Rae8 21. Re1 Be6 22. a3 Bxc4 23. Rxc4 Re6 24. Qe3 Rfe8 25. b4 Qd8
{White resigns}
0-1

[Event "ICC Open 2015"]
[Site "Internet Chess Club"]
[Date "2015.05.30"]
[Round "2"]
[White "TudoracheM"]
[Black "QuieroAprender"]
[Result "1-0"]
[ICCResult "Black forfeits on time"]
[WhiteElo "1801"]
[BlackElo "1348"]
[Opening "Ruy Lopez: closed, 7...d6, 8.d4"]
[ECO "C90"]
[NIC "RL.19"]
[Time "14:15:17"]
[TimeControl "180+0"]

1. e4 e5 2. Nf3 Nc6 3. Bb5 a6 4. Ba4 Nf6 5. O-O b5 6. Bb3 Be7 7. Re1 d6 8.
d4 O-O 9. Be3 exd4 10. Nxd4 Ne5 11. c3 c5 12. Nf3 c4 13. Bc2 Bg4 14. Nbd2
Nfd7 15. h3 Nxf3+ 16. Nxf3 Bxf3 17. Qxf3 Ne5 18. Qe2 g6 19. f4 Nc6 20. Rad1
Qc7 21. Qf2 f5 22. exf5 gxf5 23. Qf3 Ra7 24. Bxa7 Nxa7 25. Qd5+ Kh8 26. Bxf5
Bh4 27. Re3 Qb6 28. Qd4+ Qxd4 29. Rxd4 Rxf5 30. Rxd6 Rxf4 31. Re8+ Kg7 32.
Rd7+ Rf7 33. Rxf7+ Kxf7 34. Ra8 Bg5 35. Rxa7+ Ke6 36. Rxa6+ Kd5 37. Kf2 Bc1
38. b3 Bb2 39. Rb6 Bxc3 40. Rxb5+ Kd4 41. bxc4 Kxc4 42. Rb7 h6 43. Kf3 Bd2
44. a4 Kc5 45. Rb5+ Kc6 46. Rh5 Kb6 47. Ke4 Ka6 48. Kf5 Bc1 49. Kg6 Bf4 50.
Rxh6 Bxh6 51. Kxh6 Ka5 52. g3 Kxa4 53. g4 Kb5 54. g5 Kc5 55. g6 Kd6 56. Kh7
Ke5 57. g7 Kf4 58. g8=Q Kf3 59. Qg5 Kf2 60. Qg4 Kf1 61. h4 Kf2 62. h5 Kf1
63. Qa4 Kf2 64. h6 Kg3 65. Qe4 {Black forfeits on time} 1-0

[Event "ICC Open 2015"]
[Site "Internet Chess Club"]
[Date "2015.05.30"]
[Round "2"]
[White "oseledets"]
[Black "ivancele"]
[Result "1-0"]
[ICCResult "Black forfeits on time"]
[WhiteElo "2045"]
[BlackElo "1662"]
[Opening "Dutch, Krejcik gambit"]
[ECO "A80"]
[NIC "HD.12"]
[Time "14:16:19"]
[TimeControl "180+0"]

1. d4 f5 2. g4 d6 3. gxf5 Bxf5 4. Bh3 Bg6 5. Nf3 Nf6 6. Ng5 c6 7. Ne6 Qa5+
8. Bd2 Qb6 9. a4 a5 10. Nc3 Nbd7 11. Rb1 Bf7 12. Be3 Bxe6 13. Bxe6 g6 14. d5
c5 15. h4 Bg7 16. Qd3 Ne5 17. Qb5+ Qxb5 18. Nxb5 Kd8 19. b3 Ne4 20. f3 Ng3
21. Rg1 Nh5 22. Bg5 Bf6 23. f4 Nd7 24. e4 Bxg5 25. fxg5 Nf4 26. Rg4 Nxe6 27.
dxe6 Ne5 28. Rf4 {Black forfeits on time} 1-0

[Event "ICC Open 2015"]
[Site "Internet Chess Club"]
[Date "2015.05.30"]
[Round "2"]
[White "maly"]
[Black "HaraldEskilstu"]
[Result "1-0"]
[ICCResult "Black forfeits on time"]
[WhiteElo "2599"]
[BlackElo "2022"]
[Opening "QGD: Chigorin defense"]
[ECO "D07"]
[NIC "QP.08"]
[Time "14:15:25"]
[TimeControl "180+0"]

1. d4 d5 2. c4 Nc6 3. Nc3 dxc4 4. d5 Ne5 5. f4 Ng4 6. e4 e5 7. Nf3 Bc5 8.
fxe5 Bf2+ 9. Ke2 Bb6 10. Qa4+ Bd7 11. Qxc4 Nf2 12. Rg1 Ng4 13. Bg5 f6 14.
exf6 gxf6 15. Bh4 Bxg1 16. Nxg1 Ne5 17. Qd4 Qe7 18. Nf3 Bg4 19. Kf2 Bxf3 20.
gxf3 Nh6 21. Bb5+ Kf8 22. Rg1 Rg8 23. Bg3 Nhf7 24. Be2 Rg6 25. h3 Kg8 26. f4
Nd7 27. Bh5 Rg7 28. Nd1 Kh8 29. Ne3 Rag8 30. Nf5 Qc5 31. Qxc5 Nxc5 32. Nxg7
Rxg7 33. Bf3 Nd6 34. Ke3 Re7 35. e5 Nf5+ 36. Kf2 Nd3+ 37. Ke2 Nxg3+ 38. Kxd3
Nf5 39. e6 b6 40. b4 Nd6 41. Be4 Rg7 42. Rxg7 Kxg7 43. f5 h6 44. h4 Kf8 45.
Kd4 Ke7 46. a4 Kf8 47. Bd3 Ke7 48. Ke3 a5 49. Kf4 axb4 50. Bc2 Kf8 51. Ke3
Ke7 52. Kd4 Kf8 53. Bd1 Ke7 54. Bg4 Kf8 55. Kd3 Ke7 56. Kc2 Kf8 57. Kb3 Ke7
58. Kxb4 Ne4 59. a5 bxa5+ 60. Kxa5 Nd6 61. Bh3 Kd8 62. Ka6 Ke7 63. Ka5 Kd8
64. Kb4 Ne8 65. Kc5 Nd6 66. Kd4 {Black forfeits on time} 1-0

[Event "ICC Open 2015"]
[Site "Internet Chess Club"]
[Date "2015.05.30"]
[Round "2"]
[White "chessrex"]
[Black "patzenfeet"]
[Result "1/2-1/2"]
[ICCResult "Black ran out of time and White has no material to mate"]
[WhiteElo "2157"]
[BlackElo "1534"]
[Opening "French: Rubinstein variation"]
[ECO "C10"]
[NIC "FR.04"]
[Time "14:15:51"]
[TimeControl "180+0"]

1. d4 d5 2. e4 e6 3. Nc3 dxe4 4. f3 c5 5. d5 exd5 6. Nxd5 Nf6 7. Bg5 Qxd5 8.
Bxf6 Qxd1+ 9. Rxd1 gxf6 10. fxe4 Nc6 11. Nf3 Bh6 12. Bb5 Bd7 13. O-O Be3+
14. Kh1 O-O-O 15. Nh4 Nd4 16. Bd3 Bg5 17. Nf3 Nxf3 18. gxf3 Bh3 19. Rg1 Bf4
20. Rg7 Rhg8 21. Rdg1 Rxg7 22. Rxg7 c4 23. Rxh7 cxd3 24. cxd3 Be6 25. Rh4
Be5 26. f4 Bxb2 27. f5 Bxa2 28. Rh3 Bb1 29. Rh7 Rxd3 30. Rxf7 Bd4 31. Kg2
Ba2 32. Rf8+ Kd7 33. h4 Be5 34. h5 Rg3+ 35. Kf2 Rh3 36. Rh8 Bb1 37. Rh7+ Kc6
38. h6 Bxe4 39. Rh8 Bxf5 40. Kg2 Rg3+ 41. Kf2 Rh3 42. Kg2 Rh5 43. Kf3 Rg5
44. h7 Rh5 45. Ra8 Rxh7 46. Rxa7 Rh3+ 47. Kg2 Rc3 48. Ra2 Be4+ 49. Kf1 Bf4
50. Ra1 Rc1+ 51. Rxc1+ Bxc1 52. Ke2 f5 53. Kd1 Kd5 54. Kxc1
{Black ran out of time and White has no material to mate}
1/2-1/2

[Event "ICC Open 2015"]
[Site "Internet Chess Club"]
[Date "2015.05.30"]
[Round "2"]
[White "f8"]
[Black "safadi001"]
[Result "1-0"]
[ICCResult "Black forfeits on time"]
[WhiteElo "1391"]
[BlackElo "1762"]
[Opening "Sicilian: Najdorf, Opocensky variation"]
[ECO "B92"]
[NIC "SI.11"]
[Time "14:15:31"]
[TimeControl "180+0"]

1. e4 c5 2. Nf3 d6 3. d4 cxd4 4. Nxd4 Nf6 5. Nc3 a6 6. Be2 e5 7. Nb3 Be7 8.
Be3 O-O 9. f3 Be6 10. O-O Nbd7 11. Nd5 Nxd5 12. exd5 Bf5 13. Bd3 Bxd3 14.
Qxd3 Rc8 15. c4 Bg5 16. Nd2 f5 17. Bxg5 Qxg5 18. b3 Nc5 19. Qe2 Qf4 20. Rad1
Qd4+ 21. Qf2 Qc3 22. Nb1 Qb4 23. Qd2 Qxd2 24. Rxd2 Nd7 25. Re1 g6 26. Kf2
Kf7 27. Ke3 b5 28. Rc2 bxc4 29. bxc4 Nc5 30. Nd2 Rb8 31. Rec1 f4+ 32. Ke2
Rb4 33. Ne4 Rb6 34. Nxc5 dxc5 35. Kd3 Rfb8 36. Ke4 Rf6 37. Kxe5 Rf5+ 38. Kd6
{Black forfeits on time}
1-0